 Dungeon Crawl Stone Soup version 0.21.1-1-g345015f (webtiles) character file.

106 tidbits the Insei (level 4, 4/34 HPs)
             Began as a Gnoll Transmuter on June 15, 2018.
             Quit the game on level 4 of the Dungeon.
             The game lasted 00:04:23 (459 turns).

tidbits the Insei (Gnoll Transmuter)                 Turns: 459, Time: 00:04:23

Health: 4/34       AC:  2    Str: 12    XL:     4   Next: 84%
Magic:  5/11       EV: 15    Int: 17    God:
Gold:   68         SH:  0    Dex: 15    Spells: 7/13 levels left

rFire    . . .     SeeInvis .     - Unarmed
rCold    . . .     Gourm    .   (no shield)
rNeg     . . .     Faith    +   b - +0 robe
rPois    .         Spirit   .   (no helmet)
rElec    .         Reflect  .   (no cloak)
rCorr    .         Harm     .   (no gloves)
MR       .....                  (no boots)
Stlth    ++........             g - amulet of faith
HPRegen  0.11/turn              (no ring)
MPRegen  0.12/turn              (no ring)

@: lethally poisoned (4 -> -1)
A: distributed training, fangs 1, strong nose
a: no special abilities


You were on level 4 of the Dungeon.
You were not hungry.

You visited 1 branch of the dungeon, and saw 5 of its levels.

You collected 68 gold pieces.

Inventory:

Hand Weapons
 i - a +0 morningstar
Missiles
 a - 9 arrows
Armour
 b - a +0 robe (worn)
Jewellery
 g - an amulet of faith (around neck)
   (You found it on level 4 of the Dungeon)
Scrolls
 e - a scroll of teleportation {unknown}
Books
 c - a book of Changes

   Spells                             Type                      Level
   a - Beastly Appendage              Transmutation                1
   b - Sticks to Snakes               Transmutation                2
   c - Spider Form                    Transmutation/Poison         3
   d - Ice Form                       Ice/Transmutation            4
   e - Blade Hands                    Transmutation                5
Comestibles
 d - 4 rations


   Skills:
 + Level 2.8 Fighting
 + Level 1.2 Short Blades
 + Level 1.2 Long Blades
 + Level 1.2 Axes
 + Level 1.2 Maces & Flails
 + Level 1.2 Polearms
 + Level 1.2 Staves
 + Level 1.2 Slings
 + Level 1.2 Bows
 + Level 1.2 Crossbows
 + Level 1.2 Throwing
 + Level 1.2 Armour
 + Level 4.7 Dodging
 + Level 1.2 Stealth
 + Level 1.2 Shields
 + Level 6.6 Unarmed Combat
 + Level 5.1 Spellcasting
 + Level 1.0 Conjurations
 + Level 1.0 Hexes
 + Level 1.0 Charms
 + Level 1.0 Summonings
 + Level 1.0 Necromancy
 + Level 1.0 Translocations
 + Level 3.9 Transmutations
 + Level 1.0 Fire Magic
 + Level 1.0 Ice Magic
 + Level 1.0 Air Magic
 + Level 1.0 Earth Magic
 + Level 1.0 Poison Magic
 + Level 1.3 Invocations
 + Level 1.2 Evocations


You had 7 spell levels left.
You knew the following spells:

 Your Spells              Type           Power        Failure   Level  Hunger
e - Beastly Appendage     Tmut           ###...       2%          1    None
k - Sticks to Snakes      Tmut           ###.....     4%          2    #......
p - Spider Form           Tmut/Pois      ##........   16%         3    ###....


Dungeon Overview and Level Annotations

Branches:
Dungeon (5/15)
 Temple: D:4-7

Altars:

Annotations:
D:3 Terence


Innate Abilities, Weirdness & Mutations

Your experience applies equally to all skills.
You have very sharp teeth.
Your uncanny sense of smell can sniff out nearby items.


Message History

You bite the orc!
You kill the orc!
You bite the orc!
You kill the orc!
You hit the orc.
The orc is poisoned.
The orc is moderately wounded.
The orc completely misses you.
You barely miss the orc.
The orc is severely wounded.
You kill the orc!
Items here: ))) [ ††
i - a morningstar Your transformation is almost over.
You see here 12 gold pieces.
You now have 68 gold pieces (gained 12).
Your transformation has ended.
Your +0 robe unmelds from your body.
There is a stone staircase leading down here.
Casting: Spider Form
Confirm with . or Enter, or press ? or * to list all spells.
You turn into a venomous arachnid creature.
Your +0 robe melds into your body.
Unknown command.
You climb downwards.
There is a stone staircase leading up here.
Unknown command.
Casting: Spider Form
Confirm with . or Enter, or press ? or * to list all spells.
You create a snake!
You now have 9 arrows.
The worker ant twitches its antennae in your direction.
The worker ant waves its antennae.
You barely miss the worker ant. The worker ant misses you.
Your ball python bites the phantom but does no damage.
You bite the worker ant!
The worker ant is poisoned.
The worker ant is heavily wounded.
The worker ant bites you.
You are poisoned.
The worker ant poisons you!
The phantom blinks!
You hit the worker ant.
You kill the worker ant!
Your Conjurations skill increases to level 1!
Your Hexes skill increases to level 1!
Your Charms skill increases to level 1!
Your Summonings skill increases to level 1!
Your Necromancy skill increases to level 1!
Your Translocations skill increases to level 1!
Your Fire Magic skill increases to level 1!
Your Ice Magic skill increases to level 1!
Your Air Magic skill increases to level 1!
Your Earth Magic skill increases to level 1!
Your Poison Magic skill increases to level 1!
You feel sick.
You bite the phantom!
The phantom is moderately damaged.
You feel sick. The phantom completely misses you.
You closely miss the phantom.
The phantom is moderately damaged.
You feel sick.
Your ball python misses the phantom.
The phantom blinks!
You feel sick.
The phantom blinks!
Your transformation is almost over.
You feel sick.
You hit the phantom but do no damage.
The phantom is moderately damaged.
You feel sick.
Your ball python closely misses the phantom.
It was a potion of might.
You feel very mighty all of a sudden.
You feel sick. The phantom hits you!
* * * LOW HITPOINT WARNING * * *
Your ball python barely misses the phantom.
You completely miss the phantom.
The phantom is moderately damaged.
The phantom closely misses you.
Your ball python bites the phantom but does no damage.
You barely miss the phantom.
The phantom is moderately damaged.
You feel sick. The phantom completely misses you.
Your ball python closely misses the phantom.
You hit the phantom.
The phantom is moderately damaged.
You feel sick.
Your ball python closely misses the phantom.
The phantom hits you.
* * * LOW HITPOINT WARNING * * *
The phantom blinks!
It was a potion of cancellation.
Your magical effects are unravelling.
You feel magically purged.
Your transformation has ended.
Your +0 robe unmelds from your body.
You feel a little less mighty now.
* * * LOW HITPOINT WARNING * * *
You feel sick. The phantom hits your ball python!
Your ball python dies!
Found a whip.
Unknown command.
* * * LOW HITPOINT WARNING * * *
You feel sick.
The phantom blinks!
Unknown command.
Are you sure you want to abandon this character and quit the game? (Confirm with "yes".)

#.# #.# ∆∆ #. #.#
#.##.# #.##.# ###
#.##.# ....
#####.##.# ..)..
......##.##......
######.....@.......
.............>.....
#.##.#...####......
#.#..#<..##########
.......†.........
##.#......#######
....# # #..#...#
#.#.#.# # #..#...#
#...#.#
#.####...#####
####...).


There were no monsters in sight!

Vanquished Creatures
  A hound (D:4)
  A worker ant (D:4)
  A hound skeleton (D:4)
  An adder (D:3)
  An ooze (D:2)
  A leopard gecko (D:2)
  4 orcs
  3 goblins
  3 hobgoblins
  A quokka (D:4)
  4 bats
  A rat (D:2)
22 creatures vanquished.

Notes
Turn   | Place    | Note
-------+----------+-------------------------------------------
     0 | D:1      | tidbits the Gnoll Transmuter began the quest for the Orb.
     0 | D:1      | Reached XP level 1. HP: 17/17 MP: 6/6
   113 | D:2      | Reached XP level 2. HP: 15/23 MP: 5/7
   136 | D:2      | Learned a level 2 spell: Sticks to Snakes
   184 | D:3      | Noticed Terence
   224 | D:3      | Reached skill level 5 in Spellcasting
   224 | D:3      | Reached XP level 3. HP: 21/28 MP: 6/9
   229 | D:3      | Learned a level 3 spell: Spider Form
   287 | D:4      | Reached skill level 1 in Short Blades
   287 | D:4      | Reached skill level 1 in Long Blades
   287 | D:4      | Reached skill level 1 in Axes
   287 | D:4      | Reached skill level 1 in Maces & Flails
   287 | D:4      | Reached skill level 1 in Polearms
   287 | D:4      | Reached skill level 1 in Staves
   287 | D:4      | Reached skill level 1 in Slings
   287 | D:4      | Reached skill level 1 in Bows
   287 | D:4      | Reached skill level 1 in Crossbows
   287 | D:4      | Reached skill level 1 in Throwing
   287 | D:4      | Reached skill level 1 in Armour
   287 | D:4      | Reached skill level 1 in Stealth
   287 | D:4      | Reached skill level 1 in Shields
   287 | D:4      | Reached skill level 1 in Invocations
   287 | D:4      | Reached skill level 1 in Evocations
   287 | D:4      | Reached XP level 4. HP: 23/34 MP: 4/11
   303 | D:5      | Entered Level 5 of the Dungeon
   346 | D:4      | Noticed a phantom
   445 | D:4      | Reached skill level 1 in Conjurations
   445 | D:4      | Reached skill level 1 in Hexes
   445 | D:4      | Reached skill level 1 in Charms
   445 | D:4      | Reached skill level 1 in Summonings
   445 | D:4      | Reached skill level 1 in Necromancy
   445 | D:4      | Reached skill level 1 in Translocations
   445 | D:4      | Reached skill level 1 in Fire Magic
   445 | D:4      | Reached skill level 1 in Ice Magic
   445 | D:4      | Reached skill level 1 in Air Magic
   445 | D:4      | Reached skill level 1 in Earth Magic
   445 | D:4      | Reached skill level 1 in Poison Magic
   459 | D:4      | Quit the game

Skill      XL: |  1  2  3  4 |
---------------+-------------+-----
Spellcasting   | 5 |  5.1
Short Blades   | 1 |  1.2
Long Blades    | 1 |  1.2
Axes           | 1 |  1.2
Maces & Flails | 1 |  1.2
Polearms       | 1 |  1.2
Staves         | 1 |  1.2
Slings         | 1 |  1.2
Bows           | 1 |  1.2
Crossbows      | 1 |  1.2
Throwing       | 1 |  1.2
Armour         | 1 |  1.2
Stealth        | 1 |  1.2
Shields        | 1 |  1.2
Invocations    | 1 |  1.3
Evocations     | 1 |  1.2
Conjurations   | 1 |  1.0
Hexes          | 1 |  1.0
Charms         | 1 |  1.0
Summonings     | 1 |  1.0
Necromancy     | 1 |  1.0
Translocations | 1 |  1.0
Fire Magic     | 1 |  1.0
Ice Magic      | 1 |  1.0
Air Magic      | 1 |  1.0
Earth Magic    | 1 |  1.0
Poison Magic   | 1 |  1.0
Fighting       | |  2.8
Dodging        | |  4.7
Unarmed Combat | |  6.6
Transmutations | |  3.9

Action                   |  1- 3 |  4- 6 || total
-------------------------+-------+-------++-------
Melee: Unarmed           |    35 |    25 ||    60
       Kick              |     3 |       ||     3
       Headbutt          |     2 |       ||     2
       Bite              |     1 |       ||     1
 Cast: Beastly Appendage |    10 |       ||    10
       Spider Form       |     2 |     5 ||     7
       Sticks to Snakes  |     1 |     2 ||     3
  Use: Potion            |       |     2 ||     2
 Stab: Sleeping          |     1 |       ||     1
Armor: Robe              |     4 |       ||     4
       Skin              |       |     1 ||     1
Dodge: Dodged            |    28 |    10 ||    38

Table legend:
 A = Turns spent in this place as a percentage of turns spent in the entire game.
 B = Non-inter-level travel turns spent in this place as a percentage of non-inter-level travel turns spent in the entire game.
 C = Inter-level travel turns spent in this place as a percentage of turns spent in this place.
 D = Turns resting spent in this place as a percentage of non-inter-level travel turns spent in this place.
 E = Turns spent auto-exploring this place as a percentage of non-inter-level travel turns spent in this place.
 F = Non-inter-level travel turns spent in this place divided by the number of levels of this place that you've seen.
                   A       B       C       D       E      F
               +-------+-------+-------+-------+-------+----------------------
         Total | 100.0 | 100.0 |   0.0 |   0.0 |   0.0 |  91.8
       Dungeon | 100.0 | 100.0 |   0.0 |   0.0 |   0.0 |  91.8
               +-------+-------+-------+-------+-------+----------------------

Table legend:
 A = Kills in this place as a percentage of kills in entire the game.
 B = Kills by you in this place as a percentage of kills by you in the entire game.
 C = Kills by friends in this place as a percentage of kills by friends in the entire game.
 D = Other kills in this place as a percentage of other kills in the entire game.
 E = Experience gained in this place as a percentage of experience gained in the entire game.
 F = Experience gained in this place divided by the number of levels of this place that you have seen.
                   A       B       C       D       E      F
               +-------+-------+-------+-------+-------+----------------------
         Total | 100.0 | 100.0 |   N/A |   N/A | 100.0 |  30.4
       Dungeon | 100.0 | 100.0 |   N/A |   N/A | 100.0 |  30.4
               +-------+-------+-------+-------+-------+----------------------

Vault maps used:
D:1:      dpeg_arrival_oval
D:2:      old_standard_altar, roderic_st_hans_cross, uniq_crazy_yiuf_cottage
D:3:      nicolae_qazlal_style_of_elements, lemuel_crystal_altar,
          marbit_many_paths, first_ration, uniq_terence
D:4:      nemelex_altar_shiori, nicolae_overflow_crystal_walls
D:5:      lemuel_round_altar, lemuel_temple_firewalk_b, lemuel_old_faithful
